 Dungeon Crawl Stone Soup version 0.28-a0-1622-gc30f734a66 (webtiles) character file.

Game seed: 8763712268152653451

72 Essalna the Conjurer (level 3, -4/26 HPs)
             Began as a Demigod Conjurer on Jan 23, 2022.
             Slain by Natasha (5 damage)
             ... on level 2 of the Dungeon.
             The game lasted 00:01:51 (1064 turns).

Essalna the Conjurer (Demigod Conjurer)             Turns: 1064, Time: 00:01:52

Health: -4/26      AC:  2    Str:  8    XL:     3   Next: 80%
Magic:  0/10       EV: 11    Int: 24    God:
Gold:   70         SH:  3    Dex: 12    Spells: 4/7 levels left

rFire   . . .      SeeInvis .   f - +0 short sword
rCold   . . .      Faith    .   i - +0 buckler
rNeg    . . .      Spirit   .   a - +0 robe
rPois   .          Reflect  .   (no helmet)
rElec   .          Harm     .   (no cloak)
rCorr   .          Rampage  .   (no gloves)
Will    .....                   (no boots)
Stlth   ++........              (no amulet)
HPRegen 0.08/turn               (no ring)
MPRegen 0.12/turn               (no ring)

@: no status effects
A: high mp 1, forlorn, divine attributes
a: no special abilities


You were on level 2 of the Dungeon.
You visited 1 branch of the dungeon, and saw 2 of its levels.

You collected 70 gold pieces.

Inventory:

Hand Weapons
 f - a +0 short sword (weapon)
Armour
 a - a +0 robe (worn)
 i - a +0 buckler (worn)
Jewellery
 h - an amulet of guardian spirit
Scrolls
 b - a scroll of identify {unknown}
 c - 2 scrolls of enchant weapon {unknown}
 d - a scroll of holy word {unknown}
 e - a scroll of noise {unknown}
Potions
 g - a potion of lignification {unknown}


   Skills:
 - Level 1.7 Dodging
 - Level 1.7 Stealth
 + Level 2.9 Spellcasting
 + Level 4.4 Conjurations


You had 4 spell levels left.
You knew the following spells:

 Your Spells              Type           Power      Damage    Failure   Level
a - Magic Dart            Conj           96%        1d7       2%          1
b - Searing Ray           Conj           48%        2d6       3%          2

Your spell library contained the following spells:

 Spells                   Type           Power      Damage    Failure   Level
 Dazzling Flash           Conj/Hex       28%        N/A       19%         3
 Call Imp                 Summ           3%         N/A       22%         2
 Mephitic Cloud           Conj/Pois/Air  10%        N/A       24%         3
 Fulminant Prism          Conj/Hex       7%         3d7       52%         4
 Iskenderun's Mystic Bla  Conj/Tloc      14%        2d5       52%         4


Dungeon Overview and Level Annotations

Branches:
Dungeon (2/15)

Annotations:
D:2 Natasha


Innate Abilities, Weirdness & Mutations

You have an increased reservoir of magic. (+10% MP)
You shall have no god before yourself.
Your divine heritage dramatically boosts your attributes as you level up.


Message History

You hit Natasha but do no damage.
Natasha is moderately wounded.
Natasha misses you.
An endoplasm comes into view.
You barely miss Natasha.
Natasha is moderately wounded.
Natasha casts a spell.
Natasha barely misses you.
You closely miss Natasha.
Natasha is moderately wounded.
Natasha closely misses you.
You hit Natasha.
Natasha is moderately wounded.
Natasha claws you!
You hit Natasha but do no damage.
Natasha is moderately wounded.
Natasha barely misses you.
Casting: Magic Dart (safe; 2% risk of failure)
Confirm with . or Enter, or press ? or * to list all spells.
Aiming: Magic Dart (safe; 2% risk of failure)
Press: ? - help, Shift-Dir - straight line, f/p - Natasha
Aim: Natasha (moderately wounded, 100% to hit)
The magic dart hits Natasha.
Natasha is severely wounded.
Natasha mumbles some strange words.
You hit Natasha but do no damage.
Natasha is severely wounded.
Natasha claws you.
* * * LOW HITPOINT WARNING * * *
You block the crimson imp's attack.
You barely miss Natasha.
Natasha is severely wounded.
Natasha claws you.
* * * LOW HITPOINT WARNING * * *
The crimson imp hits you.
* * * LOW HITPOINT WARNING * * *
You closely miss Natasha.
Natasha is severely wounded.
Natasha claws you.
You die...

#.#
#.#
#.#
#.#
#.#
#.#
#)#
#5#
#@#
#h#
#5#
5J#
..#
#...
#...
#...


You could see Natasha, a crimson imp (summoned), 2 white imps and an endoplasm.

Vanquished Creatures
  Natasha (twice) (D:2)
  A dart slug (D:2)
  2 ball pythons (D:1)
  An endoplasm (D:1)
  2 goblins
  2 hobgoblins
  2 jackals (D:1)
  2 kobolds (D:2)
  A quokka (D:1)
  2 frilled lizards
  5 rats (D:1)
22 creatures vanquished.

Notes
Turn   | Place    | Note
-------+----------+-------------------------------------------
     0 | D:1      | Essalna the Demigod Conjurer began the quest for the Orb.
     0 | D:1      | Reached XP level 1. HP: 14/14 MP: 5/5
   330 | D:1      | Reached XP level 2. HP: 18/20 MP: 4/7
   705 | D:2      | Learned a level 2 spell: Searing Ray
   745 | D:2      | Reached skill level 4 in Conjurations
   802 | D:2      | Noticed Natasha
   807 | D:2      | Killed Natasha
   808 | D:2      | Reached XP level 3. HP: 26/26 MP: 2/9
   815 | D:2      | Noticed Natasha
   900 | D:2      | Killed Natasha
  1043 | D:2      | Noticed Natasha
  1063 | D:2      | HP: 1/26 [crimson imp[Natasha] (1)]
  1064 | D:2      | Slain by Natasha

Illustrated notes

Levels and vault maps discovered:
D:1:      mrwooster_arrival_statue, layout_rooms
D:2:      layout_loops_ring, basic_altar, minmay_misc_feat_columns,
          minmay_rat_gold_closets, uniq_natasha

Skill      XL: |  1  2 |
---------------+-------+-----
Spellcasting   | 2 |  2.9
Conjurations   | 4 |  4.4
Dodging        | |  1.7
Stealth        | |  1.7

Action                   || total
-------------------------++-------
Melee: Short sword       ||     9
 Cast: Magic Dart        ||    56
Armor: Robe              ||     2
Dodge: Dodged            ||    10
Block: Buckler           ||     4

Table legend: (Time is in decaauts)
 A = Elapsed time spent in this place.
 B = Non-inter-level travel time spent in this place.
 C = Inter-level travel time spent in this place.
 D = Time resting spent in this place.
 E = Time spent auto-exploring this place.
 F = Levels seen in this place.
 G = Mean time per level.
                   A        B        C        D        E       F      G
               +--------+--------+--------+--------+--------+-----+--------+
         Total |   1066 |   1052 |     14 |    174 |    729 |   2 |  533.0 |
       Dungeon |   1066 |   1052 |     14 |    174 |    729 |   2 |  533.0 |
               +--------+--------+--------+--------+--------+-----+--------+

Top non-repeatable levels by time:
     D:1: 673 daAuts
     D:2: 393 daAuts
